 Dungeon Crawl Stone Soup version 0.26.1-11-gd32895ea62 (webtiles) character file.

Game seed: 14398117952782580729

626 Kalagan26 the Fighter (level 7, -1/63 HPs)
             Began as a Minotaur Fighter on June 23, 2021.
             Shot with an arrow by a centaur (7 damage)
             ... on level 5 of the Dungeon.
             The game lasted 00:19:11 (5710 turns).

Kalagan26 the Fighter (Minotaur Fighter)            Turns: 5710, Time: 00:19:11

Health: -1/63      AC:  7    Str: 21    XL:     7   Next: 23%
Magic:  6/6        EV: 11    Int:  5    God:
Gold:   182        SH:  9    Dex: 11    Spells: 6/6 levels left

rFire    . . .     SeeInvis .   a - +0 trident
rCold    . . .     Faith    .   c - +0 kite shield
rNeg     . . .     Spirit   .   b - +1 scale mail
rPois    .         Reflect  .   (helmet restricted)
rElec    .         Harm     .   (no cloak)
rCorr    .         Rampage  .   (no gloves)
Will     .....                  (no boots)
Stlth    +.........             f - amulet of magic regeneration
HPRegen  0.20/turn              k - +4 ring of evasion
MPRegen  0.35/turn              (no ring)

@: brilliant
A: retaliatory headbutt, horns 2, camouflage 1, frail 1, wild magic 1
a: no special abilities


You were on level 5 of the Dungeon.
You visited 1 branch of the dungeon, and saw 5 of its levels.

You collected 182 gold pieces.

Inventory:

Hand Weapons
 a - a +0 trident (weapon)
 h - a +2 dagger of speed
 i - a +1 dagger of speed
Missiles
 e - 113 stones (quivered)
 q - 17 sling bullets
 r - 14 arrows
 s - 19 poisoned darts
Armour
 b - a +1 scale mail (worn)
 c - a +0 kite shield (worn)
 v - a +0 buckler
Jewellery
 f - an amulet of magic regeneration (around neck)
 k - a +4 ring of evasion (left hand)
 l - a +4 ring of protection {unknown}
 w - an uncursed ring of protection from fire {unknown}
Scrolls
 g - a scroll of remove curse
 m - 3 scrolls of identify
 p - 2 scrolls of noise
 t - a scroll of fear {unknown}
Potions
 d - a potion of might
 j - 2 potions of mutation


   Skills:
 + Level 9.9 Fighting
 - Level 2.4 Polearms
 - Level 3.6 Armour
 - Level 1.0 Dodging
 - Level 3.6 Shields


You had 6 spell levels left.
You didn't know any spells.
Your spell library was empty.

Dungeon Overview and Level Annotations

Branches:
Dungeon (5/15)
 Temple: D:4-7

Altars:
Ashenzari
Qazlal

Shops:
D:4 (

Annotations:
D:5 Sigmund


Innate Abilities, Weirdness & Mutations

You reflexively headbutt those who attack you in melee.
You have a pair of horns on your head.
Your skin changes colour to match your surroundings (Stealth+).
You are frail. (-10% HP)
Your spells are a little harder to cast, but a little more powerful.


Message History

You bump into the rock wall.
Something hits you.
* * * LOW HITPOINT WARNING * * *
You bump into the rock wall.
You feel less invigorated.
You feel less confused.
You hear some strange, mumbled words.
A puff of flame appears from out of thin air!
The puff of flame hits you.
* * * LOW HITPOINT WARNING * * *
You hear some strange, mumbled words.
A puff of flame appears from out of thin air!
The puff of flame hits you.
* * * LOW HITPOINT WARNING * * *
A magic dart appears from out of thin air!
The magic dart hits you.
* * * LOW HITPOINT WARNING * * *
A centaur comes into view.
The centaur shouts!
The centaur wields a +0 shortbow.
The centaur shoots an arrow.
The arrow hits you!
You die...

#.# #.# .# # #.# c .# #.#
#.###. $. #.# #.#.. .. #.#
#.... .. ###.# #.#.# ## #...#
#.#.# #.### #.#@#.##{.. .# #.#
#####.#.#.##...#.# #.#
#................## ### #.#
#.###..##......... ..# #.#
###.###..##........######. #.#
#.....#..##.##........T...
#.###.#.#.#..##.##....#####.##
#............##.# #.# #.#
#####.#.#.##†##.# #.# #.#


You could see a centaur.

Vanquished Creatures
  A sky beast (D:5)
  An ogre (D:5)
  An orc wizard (D:3)
  2 bullfrog skeletons
  Jessica (D:2)
  Natasha (D:3)
  5 worker ants
  Robin (D:1)
  3 gnolls (D:5)
  4 adders
  A shadow imp (D:5)
  2 ufetubi
  A worm (D:3)
  4 leopard geckos
  6 orcs
  A ball python (D:2)
  4 giant cockroaches
  18 goblins
  10 hobgoblins
  7 jackals
  2 quokkas
  2 bats
  5 frilled lizards
  A giant cockroach zombie (D:5)
  5 kobolds
  9 rats
98 creatures vanquished.

Vanquished Creatures (others)
  An orc wizard (D:3)
1 creature vanquished.

Grand Total: 99 creatures vanquished

Notes
Turn   | Place    | Note
-------+----------+-------------------------------------------
     0 | D:1      | Kalagan26 the Minotaur Fighter began the quest for the Orb.
     0 | D:1      | Reached XP level 1. HP: 19/19 MP: 0/0
   209 | D:1      | Reached skill level 4 in Fighting
   634 | D:1      | Reached XP level 2. HP: 28/28 MP: 1/1
  1153 | D:1      | Reached skill level 5 in Fighting
  1202 | D:1      | Reached XP level 3. HP: 36/36 MP: 2/2
  1301 | D:2      | Noticed Jessica
  1376 | D:2      | Noticed Robin
  1399 | D:1      | Killed Robin
  1400 | D:1      | Reached skill level 1 in Dodging
  1856 | D:2      | Reached XP level 4. HP: 41/44 MP: 3/3
  1978 | D:2      | Reached skill level 6 in Fighting
  2094 | D:2      | Killed Jessica
  2682 | D:3      | Reached XP level 5. HP: 51/51 MP: 4/4
  3303 | D:3      | Reached skill level 7 in Fighting
  3747 | D:4      | Noticed Natasha
  3747 | D:4      | Noticed an ogre
  3757 | D:3      | Killed Natasha
  3813 | D:4      | Found Owimm's Antique Weapon Shoppe.
  3921 | D:4      | Reached skill level 8 in Fighting
  3921 | D:4      | Reached XP level 6. HP: 48/61 MP: 5/5
  4023 | D:4      | Found a broken altar of Ashenzari.
  4772 | D:5      | Entered Level 5 of the Dungeon
  4891 | D:5      | Noticed a troll
  4984 | D:5      | Reached skill level 9 in Fighting
  5364 | D:5      | Reached XP level 7. HP: 66/70 MP: 6/6
  5479 | D:5      | Found a stormy altar of Qazlal.
  5663 | D:5      | Noticed Sigmund
  5688 | D:5      | Gained mutation: You are frail. (-10% HP) [potion of
                  | mutation]
  5688 | D:5      | Gained mutation: Your skin changes colour to match your
                  | surroundings (Stealth+). [potion of mutation]
  5688 | D:5      | Gained mutation: Your spells are a little harder to cast,
                  | but a little more powerful. [potion of mutation]
  5695 | D:5      | HP: 2/63 [Sigmund/+4 scythe of protection (6)]
  5710 | D:5      | Shot with an arrow by a centaur

Illustrated notes

Levels and vault maps discovered:
D:1:      wander_arrival_lonely_grave, layout_loops_corners
D:2:      layout_loops_ring, chequers_hall_statues_y, uniq_crazy_yiuf_cottage,
          uniq_jessica, uniq_robin
D:3:      layout_basic
D:4:      layout_basic, evilmike_ruin_ashenzari, serial_shops,
          nicolae_shop_overgrown_old_shop, chequers_serial_rivers_marsh,
          uniq_natasha
D:5:      layout_loops_ring, lemuel_round_altar, enter_ossuary_5,
          nemelex_spade_bored_becter, uniq_ijyb, uniq_grinder, uniq_sigmund

Skill      XL: |  1  2  3  4  5  6 |
---------------+-------------------+-----
Fighting       | 4 5 6 8 9 |  9.9
Dodging        | 1 |  1.0
Polearms       | |  2.4
Armour         | |  3.6
Shields        | |  3.6

Action                   |  1- 3 |  4- 6 |  7- 9 || total
-------------------------+-------+-------+-------++-------
Melee: Trident           |    85 |   149 |    25 ||   259
       Headbutt          |    16 |    28 |     6 ||    50
  Use: Scroll            |       |       |     4 ||     4
       Potion            |       |       |     3 ||     3
Armor: Scale mail        |    31 |    52 |     5 ||    88
Dodge: Dodged            |    20 |    75 |     4 ||    99
Block: Kite shield       |    39 |    85 |     1 ||   125
